[Event "TP 40 Züge 2 Stunden"]
[Site "?"]
[Date "2009.??.??"]
[Round "?"]
[White "Super Expert C, Novag"]
[Black "Magellan, Mephisto"]
[Result "1/2-1/2"]
[ECO "B14"]
[WhiteElo "2002"]
[BlackElo "2195"]
[Annotator "Thomas Jaeger"]
[PlyCount "114"]
[EventDate "2009.??.??"]
[TimeControl "240"]

1. e4 c6 2. c4 d5 3. exd5 cxd5 4. d4 Nf6 5. Nc3 g6 6. Qb3 Bg7 7. cxd5 O-O 8.
Be2 Nbd7 9. Bf3 Nb6 {letzter Buchzug} 10. Nge2 Bg4 11. Bxg4 Nxg4 12. a4 {
letzter Buchzug} Qd7 13. a5 Nc8 14. a6 bxa6 15. h3 Nf6 16. Rxa6 Nb6 17. Qb5
Rfd8 18. Qxd7 Rxd7 19. d6 Rxd6 20. O-O {Schwarz steht jetzt etwas besser} Rd7
21. Ra5 Nfd5 22. Nxd5 Nxd5 23. Rc5 h5 24. Rd1 Bf6 25. Nc3 Nc7
26. Rc4 Ne6 27. Be3 Rad8 28. d5 Bxc3 29. Rxc3 a5 30. Bc5 Nf4 31. Ra3 Rb8 32.
Rxa5 Rxb2 33. Be3 Ne2+ 34. Kf1 Rc7 35. Re1 Rcc2 36. Ra8+ Kh7 37. Re8 (37. Rf8
Kg7 38. Re8 Kf6 39. d6 exd6 40. Rxe2 Rxe2 41. Bd4+) 37... Nc3 38. Bd4 g5 39.
R8xe7 Kg6 40. Re8 Rd2 {60 min für den Rest} 41. Rg8+ Kh6 42. Bc5 Nxd5 43. Bf8+
Kh7 44. Rg7+ Kh6 45. Rxf7+ Kg6 46. Rf3 h4 47. Ba3 Ra2 48. Re6+ Kh5 49. Bf8 Rd1+
50. Re1 Rxe1+ 51. Kxe1 Nf4 52. Bd6 Ra1+ 53. Kd2 Nxg2 54. Ke2 Re1+ 55. Kd2 Ra1
56. Ke2 Re1+ 57. Kd2 Ra1 1/2-1/2

[Event "TP 40 Züge 2 Stunden"]
[Site "?"]
[Date "2009.??.??"]
[Round "?"]
[White "Magellan, Mephisto"]
[Black "Super Expert C, Novag"]
[Result "1-0"]
[ECO "A30"]
[WhiteElo "2195"]
[BlackElo "2002"]
[Annotator "Thomas Jaeger"]
[PlyCount "73"]
[EventDate "2009.??.??"]
[TimeControl "240"]

1. c4 c5 2. Nf3 Nf6 3. g3 {letzter Buchzug!} b6 {letzter Buchzug} 4. d3 Bb7 5.
Bg2 Nc6 6. Ne5 Qc7 7. Nxc6 Bxc6 8. Bxc6 Qxc6 9. O-O e6 10. e4 d5 {? mit dem
König in der Mitte ein glatter Fehler} 11. exd5 exd5 12. cxd5 (12. Re1+ Be7 13.
Bg5 d4 14. Bxf6 Qxf6 15. Qa4+ Kf8 16. Nd2) 12... Qxd5 13. Qa4+ {?!} Qd7 14.
Qxd7+ Kxd7 15. Be3 Be7 16. d4 cxd4 17. Bxd4 Rad8 18. Rd1 Kc8 19. Nc3 Kb7 20.
Rac1 a6 21. Kg2 Rhe8 22. f4 h5 23. h3 h4 24. g4 g6 {Td7 ist wohl besser} 25.
Bf2 Rh8 26. g5 Nh5 27. Kf3 f5 {? so verliert SEC schnell} 28. Nd5 Bd6 29. Bxb6
Bxf4 30. Nxf4 Rxd1 31. Rxd1 Kxb6 32. Rd6+ Kc5 33. Rxg6 Nxf4 34. Kxf4 Rb8 35.
Rxa6 Rxb2 36. Kxf5 Rh2 37. Kg4 1-0

[Event "TP 40 Züge 2 Stunden"]
[Site "?"]
[Date "2009.??.??"]
[Round "?"]
[White "Lyon 68020, Mephisto"]
[Black "Super Expert C, Novag"]
[Result "1/2-1/2"]
[ECO "A22"]
[WhiteElo "2169"]
[BlackElo "2002"]
[Annotator "Thomas Jaeger"]
[PlyCount "168"]
[EventDate "2009.??.??"]
[TimeControl "240"]

1. c4 e5 2. Nc3 Nf6 3. Nf3 e4 4. Ng5 b5 {!? SEC spielt ein Gambit} 5. d3 (5.
cxb5 d5 6. d4 Bd6 7. g3) 5... exd3 {letzter Buchzug} 6. exd3 {letzter Buchzug}
(6. cxb5 dxe2 7. Bxe2 {Weiß steht doch besser}) 6... bxc4 7. dxc4 Bb4 8. Bf4
Bxc3+ 9. bxc3 h6 10. Qe2+ Kf8 11. Nf3 Bb7 12. Rb1 Be4 13. Rd1 Nc6 14. Qe3 Kg8 (
14... g5 {!} 15. Bg3 Kg7) 15. Be2 d6 16. O-O Qd7 17. c5 Bc2 18. cxd6 {!} Bxd1
19. Rxd1 cxd6 20. Rxd6 Qb7 21. Qd3 Re8 22. Qb5 {Weiß hat nur einen Bauern für
die Qualität, doch der Th8 spielt (noch) nicht mit.} Qe7 (22... Qxb5 23. Bxb5
Rb8 24. a4 Ne7 25. Bd3 Re8 26. c4 Ng6 27. Be3 Re7 28. c5 Kh7 29. c6 Rb8 30. g3
Kg8) 23. Bd3 Nd8 24. Ra6 {[%emt 0:00:29] Weiß hat 60 Zugmöglichleiten, Schwarz
nur} Ne6 25. Bd6 Qd8 26. h3 Qc8 27. Be5 Rd8 28. Rxa7 Rd7 29. Rxd7 Nxd7 30. Bc4
Ng5 31. Nxg5 Nxe5 32. Qxe5 hxg5 33. Bd5 Rh6 {SEC hat sich gut vertreidigt} 34.
c4 Rb6 {g4!} 35. Qxg5 Rb1+ 36. Kh2 Qc7+ 37. f4 Rc1 38. Qf5 Kf8 39. Kg3 Rc3+ 40.
Kg4 Ra3 {ab jetzt 60 min für den Rest} 41. Qh7 Qd7+ 42. f5 Qd6 43. Qh8+ Ke7 44.
Qh4+ Kf8 45. Qf2 Ra4 46. Qf4 Qxf4+ 47. Kxf4 {die Stellung ist ausgeglichen,
aber der Lyon sicherlich der bessere "Endspieler"} Ke7 48. Ke5 Rxa2 49. f6+
gxf6+ 50. Kf4 Rf2+ 51. Kg4 Re2 52. h4 Kf8 53. Kf3 Re1 54. Kf4 Rf1+ 55. Ke4 Ke7
56. g3 f5+ 57. Ke3 Kf6 58. Bf3 Ke5 {SEC sieht sich +1,04!?} 59. Bd5 f6 60. h5
f4+ {! de einzig gute Zug!} 61. gxf4+ Rxf4 62. c5 {Lyon -0,72} Ra4 63. Bg2 Ra2
64. Bf3 Ra3+ 65. Kf2 Ra7 {schade} (65... Kf4 66. Bb7 Ra2+ 67. Kf1 Rc2 68. c6
Kg5 69. Ke1 Kxh5 70. Kd1 Rc5) 66. Ke3 f5 67. c6 f4+ 68. Kd3 Ra3+ 69. Ke2 (69.
Kd2) 69... Ra1 70. Kd3 Rf1 71. Ke2 Rc1 72. h6 Kf6 73. Be4 Rc3 74. Kf2 Kf7 75.
Kg2 Kf8 76. Bd5 {hier kann keiner gewinnen} Rd3 77. Bf3 Kf7 78. Be4 Rc3 {SEC
sieht sich immer noch vorne, daher geht es weiter} 79. Kg1 Kg8 80. Kf2 Kh8 81.
Kg2 Rg3+ 82. Kf2 Re3 83. Bf5 Rc3 84. Be4 Kg8 1/2-1/2

[Event "TP 40 Züge 2 Stunden"]
[Site "?"]
[Date "2009.??.??"]
[Round "?"]
[White "Super Expert C, Novag"]
[Black "Lyon 68020, Mephisto"]
[Result "0-1"]
[ECO "B09"]
[WhiteElo "2002"]
[BlackElo "2169"]
[Annotator "Thomas Jaeger"]
[PlyCount "74"]
[EventDate "2009.??.??"]
[TimeControl "240"]

1. e4 d6 2. d4 Nf6 3. Nc3 g6 4. f4 Bg7 5. Nf3 O-O 6. e5 Nfd7 7. Bc4 Nb6 8. Bb3
Nc6 9. Be3 Na5 10. Qe2 Nxb3 11. axb3 f6 {letzter Buchzug} 12. O-O {letzter
Buchzug} Bf5 13. exd6 exd6 14. d5 Qe7 15. Qf2 Rfe8 16. Bxb6
axb6 17. Rxa8 Rxa8 18. Re1 Qd8 19. Nd4 Qc8 20. Ne6 Qd7 21. Nxg7 Qxg7 22. Kh1 {
? blöder Zug} Qd7 23. Qe2 Kf7 24. h3 Re8 25. Qxe8+ Qxe8 26. Rxe8 Kxe8 27. Nb5
Bxc2 28. Nxc7+ Kd8 29. Na8 {? verliert schon} (29. Nb5 Bxb3 30. Nxd6 Bxd5 31.
f5 g5 32. Kg1 Kd7 33. Nb5) (29. Ne6+ Ke7 30. b4 Bb3 31. Kg1 Bxd5 32. Nd4) 29...
b5 30. Nb6 h5 {Lyon erst +0,63} 31. Kg1 h4 {jetzt 2,21} 32. Kf2 {jetzt sieht
es auch der SEC - 1,97} Kc7 33. Na8+ Kb8 34. Nb6 Bf5 35. Ke3 Ka7 36. Nc4 bxc4
37. bxc4 b5 0-1

[Event "TP 40 Züge 2 Stunden"]
[Site "?"]
[Date "2009.??.??"]
[Round "?"]
[White "Super Expert C, Novag"]
[Black "Star Diamond, Novag"]
[Result "1/2-1/2"]
[ECO "C82"]
[WhiteElo "2002"]
[BlackElo "2161"]
[Annotator "Thomas Jaeger"]
[PlyCount "112"]
[EventDate "2009.??.??"]
[TimeControl "240"]

1. e4 e5 2. Nf3 Nc6 3. Bb5 a6 4. Ba4 Nf6 5. O-O Nxe4 6. d4 b5 7. Bb3 d5 8. dxe5
Be6 9. c3 Bc5 10. Nbd2 O-O 11. Bc2 Nxf2 12. Rxf2 f6 13. exf6 Bxf2+ 14. Kxf2
Qxf6 15. Nf1 Ne5 16. Kg1 Nxf3+ {letzter Buchzug SD wieder diese Novag-Variante}
17. Qxf3 Qxf3 18. gxf3 Rxf3 19. Be3 Bh3 20. Bc5 Re8 21. Ng3 {letzter Buchzug
SEC - die Steung ist ausgeglichen} h6 {SD bereits 39 min verbraucht} 22. Bg6 {
a4} Re6 23. Bh5 {die ersten 2 errechneten Züge des SEC sind nicht gut} Rd3 24.
Ne2 Re5 25. Nf4 Rg5+ 26. Kf2 Rd2+ 27. Be2 {noch ein Fehler} Bg4 28. b3 Rxe2+
29. Nxe2 Rf5+ 30. Ke3 Re5+ 31. Kd4 Rxe2 32. Kxd5 Bf3+ 33. Kd4 Rxh2 34. Rf1 Bh1 35. Rf8+ Kh7 36. a3 c6 37. Ra8 {SEC pondert fats jeden Zug
hat bisher erst 30 min Zeit verbraucht!?} Rd2+ {?} (37... h5 38. Rxa6 h4 39.
Ke3 h3 40. Bd6 Rc2 41. c4 h2 42. a4 Re2+ 43. Kxe2 Bf3+ 44. Kxf3 h1=Q+ {z.B.})
38. Ke3 Rb2 39. Ra7 Rxb3 40. Bd4 h5 {jetzt 60 min für den Rest SEC verschent
70 min Zeit!} 41. a4 {? wieder sofort gezogen - ein Fehler} bxa4 42. Rxg7+ Kh6
43. Ra7 h4 44. Rxa6 Ra3 {sieht seltsam aus} 45. Ra8 Ra1 46. c4 Ra3+ 47. Kf4 h3
48. Rh8+ Kg6 49. Rg8+ Kf7 50. Rg7+ Kf8 51. Rg1 Bg2 {+1,46?} (51... Rd3 52. Bc5+
Kf7 53. Rxh1 Rc3 54. Ke5 Rxc4 55. Kd6 Rc3 {ist aber auch remis, oder?}) 52.
Bc5+ Kf7 53. Bxa3 h2 54. Re1 h1=Q 55. Rxh1 Bxh1 56. Ke5 {-0,59} Ke8 {1,00 aber
mehr remis geht eigentlich nicht} 1/2-1/2

[Event "TP 40 Züge 2 Stunden"]
[Site "?"]
[Date "2009.??.??"]
[Round "?"]
[White "Star Diamond, Novag"]
[Black "Super Expert C, Novag"]
[Result "1-0"]
[ECO "B47"]
[WhiteElo "2161"]
[BlackElo "2002"]
[Annotator "Thomas Jaeger"]
[PlyCount "91"]
[EventDate "2009.??.??"]
[TimeControl "240"]

1. e4 c5 2. Nf3 e6 3. d4 cxd4 4. Nxd4 Nc6 5. Nc3 Qc7 6. Be2 a6 7. f4 b5 8. Nxc6
Qxc6 9. Bf3 Bb7 {letzter Buchzug} 10. e5 {letzter Buchzug} Qc7 11. Ne4 Rc8 12.
c3 Nh6 13. a4 b4 14. cxb4 Bxe4 15. Bxe4 Bxb4+ 16. Kf1 d5 17. Bd3 Qb7 18. Be3
O-O 19. Qb1 {?} Ng4 20. Bd4 Bd2 21. h3 Rc1+ 22. Qxc1 Bxc1 23. Rxc1 Nh6 {+ 1,46
SEC steht klar besser, doch ist das nicht leicht zu gewinnen} 24. Ke2 {SD -1,30
} Nf5 25. Bxf5 exf5 26. Rhd1 Qb3 27. Rd3 Qxa4 28. Rc7 Re8 29. g3 Qb5 30. b3 {
SD sieht sich nur 0,61 hinten} f6 31. Kd2 Qa5+ 32. Rdc3 Qa2+ 33. Kc1 Qg2 34. h4
g6 {? von SD erwartet!} 35. Rc8 Rxc8 36. Rxc8+ {plötzlich muss SEC ums remis
kämpfen} Kf7 37. exf6 Qxg3 38. Rc7+ Ke6 39. Re7+ Kd6 40. Be5+ Kc6 (40... Kc5
41. Rc7+ Kb4 42. Rc3 Qxh4 43. f7 Qe7 44. Rc7 Qf8) 41. Rc7+ Kb6 42. f7 Qe1+ {
Rest in 60 min ( den 40. Zug knapp verpasst :-))} 43. Kb2 Qd2+ 44. Rc2 Qb4 45.
Bg7 Kb5 46. f8=Q {unglaublich, dass derSD noch gewann} 1-0

[Event "TP 40 Züge 2 Stunden"]
[Site "?"]
[Date "2009.??.??"]
[Round "?"]
[White "Sapphire, Novag"]
[Black "Super Expert C, Novag"]
[Result "0-1"]
[ECO "E76"]
[WhiteElo "2097"]
[BlackElo "2002"]
[Annotator "Thomas Jaeger"]
[PlyCount "134"]
[EventDate "2009.??.??"]
[TimeControl "240"]

1. d4 Nf6 2. c4 g6 3. Nc3 Bg7 {wer spielt schon sonst Königsindisch} 4. e4 d6
5. f4 {und wer den 4- Bauernangriff} O-O 6. Nf3 c5 7. d5 e6 8. dxe6 fxe6 9. Be2
Nh5 10. g3 Nf6 11. e5 dxe5 12. Qxd8 Rxd8 13. fxe5 Ng4 14. Bg5 Rd7 15. Ne4 Nxe5
16. Nxe5 Bxe5 17. O-O Kg7 18. Nf6 Rf7 {letzter Buchzug} 19. Ne8+ {letzter
Buchzug} Kg8 20. Bf6 Nd7 21. Bxe5 Nxe5 22. Rad1 (22. Nf6+ Kg7 23. Ne8+ Kg8 {
remis?}) 22... Rxf1+ 23. Bxf1 Rb8 24. Nd6 Kg7 25. Kf2 {seltsamer Zug - jetzt
hat Weiß wenig Ersatz für den B} b6 26. Be2 Bd7 27. Ke3 Rf8 28. Ne4 h6 29. h4
Bc6 30. g4 Bxe4 31. Kxe4 Rf2 32. Rd2 Nc6 33. Ke3 Rh2 34. h5 gxh5 35. gxh5 Kf6
36. Bg4 Rxd2 37. Kxd2 a6 38. a4 Ke5 39. Ke3 Nd4 40. a5 bxa5 41. Bh3 a4 42. Bg2
Nc2+ {?} 43. Kd2 Nb4 44. Bh3 Nc6 45. Bg2 Nb8 {SEC hat keinen Plan} 46. Ke3 Kd6
47. Bb7 a5 48. Be4 Nc6 49. Kd3 Ne5+ 50. Kc3 Ng4 51. Bg6 Ke5 52. Bf7 Nf6 53. Kd2
Kf5 54. Bg6+ Kf4 55. Bc2 Nxh5 56. Bxa4 Ng3 57. Bb5 e5 58. Ba4 h5 59. Bd7 h4 60.
Ke1 e4 61. Bh3 e3 62. b3 Kf3 63. Be6 Kg2 64. Bd5+ Kh2 65. Be6 h3 66. Bc8 Kg2
67. Bb7+ Kg1 0-1

[Event "TP 40 Züge 2 Stunden"]
[Site "?"]
[Date "2009.??.??"]
[Round "?"]
[White "Super Expert C, Novag"]
[Black "Sapphire, Novag"]
[Result "0-1"]
[ECO "B11"]
[WhiteElo "2002"]
[BlackElo "2097"]
[Annotator "Thomas Jaeger"]
[PlyCount "100"]
[EventDate "2009.??.??"]
[TimeControl "240"]

1. e4 c6 2. Nc3 d5 3. Nf3 dxe4 4. Nxe4 Nf6 5. Qe2 Bg4 6. h3 Bh5 7. Ng3 {
letzter Buchzug in dieser seltenen Variante} Bg6 8. d4 e6 {letzter Buchzug} 9.
Bg5 Qa5+ 10. Bd2 Qa4 11. b3 Qa3 12. c3 Qb2 13. Qd1 Nbd7 14. Be2 Bd6 15. O-O
Bxg3 16. fxg3 Ne4 17. Qe1 Ndf6 18. Bc4 O-O 19. a4 Nd5 20. Rc1 (20. Rb1 Qa3 (
20... Qc2 21. Rc1 Qb2 22. Rb1) 21. Ra1 Qd6 22. Ne5) 20... Rad8 21. Bxd5 {nicht
gut} cxd5 22. b4 Rc8 {Sapphire sieht sich +1,50} 23. a5 {- 0,43} Rc6 24. Kh2
Rfc8 25. b5 Nxd2 {einfach Db5!} 26. bxc6 Nxf1+ 27. Qxf1 Rxc6 28. Qe1 Rc8 29. a6
{?!} b6 30. Kh1 b5 31. Qd2 Qxd2 32. Nxd2 b4 33. c4 dxc4 34. Rxc4 Rxc4 35. Nxc4
b3 36. Nb2 Bh5 37. g4 Bg6 38. Kh2 Be4 39. Kg3 h6 {Sapphire spielt zuletzt
einen ziemlichen Unsinn} 40. Kf2 Bc6 {60 min für den Rest} 41. g3 Bb5 42. Ke3
Bxa6 43. Kd2 Bb7 44. Kc3 Bd5 45. Nd1 a5 46. Ne3 a4 47. Nxd5 {trauriges
Endspiel auf beiden Seiten} exd5 48. Kb2 Kh7 49. h4 Kg6 50. Ka3 f5 0-1

[Event "TP 40 Züge 2 Stunden"]
[Site "?"]
[Date "2009.??.??"]
[Round "?"]
[White "Atlanta, Mephisto"]
[Black "Sapphire, Novag"]
[Result "1-0"]
[ECO "D41"]
[WhiteElo "2195"]
[BlackElo "2097"]
[Annotator "Thomas Jaeger"]
[PlyCount "67"]
[EventDate "2009.??.??"]
[TimeControl "240"]

1. c4 c5 2. Nc3 Nc6 3. Nf3 Nf6 4. g3 e6 5. Bg2 d5 6. cxd5 Nxd5 {letzter Buchzug
} 7. O-O Be7 8. d4 {letzter Buchzug} Nxc3 9. bxc3 O-O 10. e4 cxd4 11. cxd4 f5
12. e5 Qd5 13. Bb2 Bd7 14. Ne1 Qb5 15. Rb1 Bc8 {die Damenzüge waren schon
nicht toll, das ist ein klarer Fehler.} 16. d5 {+0,8} Rd8 {-1,15 ist nicht
exd5 besser?} 17. Bd4 Qc4 18. dxc6 Rxd4 19. Qc2 Rb8 20. c7 Ra8 21. Rxb7 Bxb7
22. Bxb7 Re8 {Sapphire sieht über - 4 hinten} 23. c8=R Rxc8 24. Bxc8 Kf7 25.
Bb7 Qb5 (25... Qxc2 26. Nxc2 Rc4 27. Ne3 Rc5 28. Rd1 Rxe5 {ist wohl etwas
besser}) 26. Bg2 Rc4 27. Qe2 Qa4 28. Nd3 Rc2 {? - 3,84 Atlanta sieht es ähnlich
} 29. Qh5+ Kg8 30. Nf4 Rc5 31. Re1 g6 32. Nxg6 hxg6 33. Qxg6+ Kf8 34. Qxe6 1-0

[Event "TP 40 Züge 2 Stunden"]
[Site "?"]
[Date "2009.??.??"]
[Round "?"]
[White "Sapphire, Novag"]
[Black "Atlanta, Mephisto"]
[Result "0-1"]
[ECO "B66"]
[WhiteElo "2097"]
[BlackElo "2195"]
[Annotator "Thomas Jaeger"]
[PlyCount "90"]
[EventDate "2009.??.??"]
[TimeControl "240"]

1. e4 c6 2. d4 d5 3. exd5 cxd5 4. c4 Nf6 5. Nc3 e6 6. Nf3 Be7 7. cxd5 Nxd5 8.
Bd3 Nc6 9. O-O O-O 10. Re1 Bf6 {letzter Buchzug} 11. a3 {letzter Buchzug} Nb6
12. Be3 g6 13. Bh6 Re8 14. Bb5 Bh8 15. Bxc6 bxc6 16. Ne5 Qh4 17. Qd2 f6 {
Atlanta findet wohl wieder den besten Zug - komplizierte Stellung} 18. Nf3 {
wohl der beste Zug} (18. Re4 Qh5 19. Nf3 g5 20. Bxg5 fxg5 21. Nxg5 Bg7) (18.
Nxc6 g5 19. Nb5 Bb7 20. Rac1 Bxc6 21. Rxc6 Qxh6 22. Nc7) (18. Ne4 fxe5 19. Bg5
Qg4 20. f3 Qf5 21. Nd6 Qf8 22. dxe5 Nd5 23. Rac1) (18. Nxc6 g5 19. Nb5 Bd7 20.
Rac1 Qxh6 21. Nc7) 18... Qh5 19. Ne4 {?! einfacher ist Le3} g5
20. Bxg5 fxg5 21. Nexg5 Re7 22. Rac1 Rg7 23. Kh1 {vielleicht
ist Tc3 am besten. Sapphire wollte lange Tc5 spielen. Aber nach h6, Sxe6, Txg2
sieht es schlecht aus} Qg6 24. Rxc6 {komplizierte Stellung} (24. h4 Re7 (24...
h6 25. Ne5 Qf5 26. Ngf3 Rh7 27. Nxc6) 25. Ne4 Bd7 26. Nc5 Rf8) 24... h6 25. Qa5
Rb8 26. Rexe6 Bxe6 27. Rxe6 Qb1+ 28. Re1 Qa2 29. Ne4 {De5 war besser} Re7 30.
Qf5 {Dh5} Qe6 31. Qf4 Rf8 32. Qg3+ Rg7 33. Qh4 Rg4 34. Qh3 Qg6 35. Nc5 Bxd4 36.
Nxd4 Rxd4 37. Qe3 Rg4 38. g3 Nc4 39. Qe2 Rd4 40. Ne6 Re8 {60 min - die
spannende Partie ist gelaufen} 41. Nxd4 Rxe2 42. Nxe2 Qe4+ 43. Kg1 Nd2 44. b4
Nf3+ 45. Kf1 Nxh2+ 0-1

[Event "TP 40 Züge 2 Stunden"]
[Site "?"]
[Date "2009.??.??"]
[Round "?"]
[White "Magellan, Mephisto"]
[Black "Sapphire, Novag"]
[Result "1-0"]
[ECO "A85"]
[WhiteElo "2195"]
[BlackElo "2097"]
[Annotator "Thomas Jaeger"]
[PlyCount "89"]
[EventDate "2009.??.??"]
[TimeControl "240"]

1. c4 f5 2. d4 Nf6 3. Nc3 e6 {letzter Buchzug} 4. e3 {letzter Buchzug} Bb4 5.
Nf3 Nc6 6. d5 exd5 7. cxd5 Ne7 8. Bc4 b5 9. Bxb5 Nexd5 10. Bd2 Bxc3 11. Bxc3
Nxc3 12. bxc3 Bb7 13. Bc4 Qe7 14. O-O Kf8 15. Rb1 Be4 16. Rb2 d5 17. Be2 Re8
18. Qa4 {Magellan steht schon klar besser} c5 19. Qa6 Bxf3 20. Bxf3 Ne4 21. Rb7
Qe5 22. Bxe4 fxe4 23. Qxa7 Kg8 24. Qxc5 h6 25. Rd7 Kh7 26. Rxd5 Qe6 {Sapphire
hat einfach 3 Bauern verloren} 27. Qd4 Re7 28. a4 Rb8 29. Rb5 Rc8 30. Rb4 Rd7
31. Qxe4+ Qxe4 32. Rxe4 Rd2 33. c4 Ra2 34. Rf4 Rxa4 35. Rc1 Ra2 36. h4 g5 37.
hxg5 hxg5 38. Rg4 Rc5 39. f4 Kh6 40. Rxg5 Rxg5 41. fxg5+ Kxg5 42. c5 Ra7 43. c6
Rc7 44. Kf2 Kf5 45. Kf3 1-0

[Event "TP 40 Züge 2 Stunden"]
[Site "?"]
[Date "2009.??.??"]
[Round "?"]
[White "Sapphire, Novag"]
[Black "Magellan, Mephisto"]
[Result "1/2-1/2"]
[ECO "B14"]
[WhiteElo "2097"]
[BlackElo "2195"]
[Annotator "Thomas Jaeger"]
[PlyCount "114"]
[EventDate "2009.??.??"]
[TimeControl "240"]

1. e4 c6 2. d4 d5 3. exd5 cxd5 4. c4 Nf6 5. Nc3 g6 6. Qb3 Bg7 7. cxd5 O-O 8.
Be2 Nbd7 9. Bf3 Nb6 {letzter Buchzug} 10. Nge2 Bg4 11. Bxg4 Nxg4 12. a4 {
letzter Buchzug} Qd7 13. a5 Nc8 14. Bf4 {SEC spielte gegen Magellan a6} Nd6 15.
O-O Rac8 16. h3 Nf6 17. Ra4 a6 18. Bxd6 {Tb4!} Qxd6 19. Qxb7 Rb8 20. Qc6 Rxb2
21. Re1 Bh6 22. Qxd6 exd6 23. Rc4 Bd2 24. Rd1 Re8 25. Kf1 Ne4 26. Nxe4 Rxe4 27.
Ng3 Re8 28. Rc6 Bxa5 29. Rxa6 Bb6 30. Ra4 f5 31. Re1 Kf7 32. Ne2 Rc8 33. g4
fxg4 34. hxg4 h5 35. Ng3 Rcc2 36. Ne4 Bc7 37. Ra7 Kf8 38. Kg2 hxg4 39. Rh1 Ra2
40. Rh8+ Kg7 {jetzt 60 min für den Rest} 41. Rxa2 Rxa2 42. Rc8 Bb6 43. Rc4 Ra5
44. Rb4 Bd8 45. Nxd6 Rxd5 46. Ne4 Ba5 47. Rb7+ Kf8 48. Nc5 Ke8 49. Ne6 Rd6 50.
Rb5 Ke7 51. d5 {Sapphire sieht aufgrund des Freibauern vorne +0,92 zu
optimistisch} Be1 52. Ng5 Rf6 53. Rb1 Rxf2+ 54. Kg1 Re2 55. Kf1 Re3 56. Rxe1
Rxe1+ 57. Kxe1 Kd6 1/2-1/2

[Event "TP 40 Züge 2 Stunden"]
[Site "?"]
[Date "2009.??.??"]
[Round "?"]
[White "Milano Pro, Mephisto"]
[Black "Magellan, Mephisto"]
[Result "0-1"]
[ECO "D46"]
[WhiteElo "2153"]
[BlackElo "2195"]
[Annotator "Thomas Jaeger"]
[PlyCount "72"]
[EventDate "2009.??.??"]
[TimeControl "60+1"]

1. c4 c6 2. d4 d5 3. Nf3 e6 4. Nc3 Nf6 5. e3 Nbd7 6. a3 Bd6 7. Bd3 O-O 8. O-O
dxc4 9. Bxc4 e5 10. e4 Qe7 11. Be3 exd4 12. Bxd4 Ne5 13. Nxe5 {letzter Buchzug}
Bxe5 {letzter Buchzug} 14. f4 Bxd4+ 15. Qxd4 Rd8 16. Qe5 Qf8 17. Rfd1 Bg4 18.
Rxd8 Qxd8 19. Rb1 {?!} Qb6+ 20. Kh1 Re8 21. Qd6 Bc8 22. Rd1 Qxb2 23. Qc7 Be6
24. Bxe6 Rxe6 25. Qa5 h6 26. e5 Ng4 27. Ne4 g5 28. Nf6+ Nxf6 29. exf6 Qxf6 30.
Qxa7 gxf4 31. Qxb7 f3 32. Rg1 {?} (32. Qb8+ Kh7 33. g3 f2 34. Qb1+ Kg7 35. Kg2)
32... f2 33. Qb8+ Kg7 34. Qg3+ Kh7 35. Qd3+ Kh8 36. Qb1 Qc3 0-1

[Event "TP 40 Züge 2 Stunden"]
[Site "?"]
[Date "2009.??.??"]
[Round "?"]
[White "Magellan, Mephisto"]
[Black "Milano Pro, Mephisto"]
[Result "1/2-1/2"]
[ECO "B26"]
[WhiteElo "2195"]
[BlackElo "2153"]
[Annotator "Thomas Jaeger"]
[PlyCount "61"]
[EventDate "2009.??.??"]
[TimeControl "60+1"]

1. e4 c5 2. Nc3 Nc6 3. g3 g6 4. Bg2 Bg7 5. d3 e6 6. Be3 d6 7. Nge2 Nd4 8. Qd2
Ne7 9. O-O O-O 10. f4 {letzter Buchzug} f5 {letzter Buchzug} 11. Rae1 fxe4 12.
dxe4 Nec6 13. Nd1 Nxe2+ 14. Rxe2 b6 15. e5 d5 16. Ree1 Ba6 17. Rf2 Rc8 18. Qc1
d4 19. Bd2 Qc7 20. a3 Bb7 21. Rff1 a5 22. b3 Rce8 23. Nb2 Ba6 24. Nd3 Re7 25.
Rd1 Ref7 26. Bh3 Re8 27. Qb2 Bb7 28. Rc1 Ba6 29. Rcd1 Bb7 30. Rc1 Ba6 31. Rcd1
1/2-1/2

[Event "TP 40 Züge 2 Stunden"]
[Site "?"]
[Date "2009.??.??"]
[Round "?"]
[White "Milano Pro, Mephisto"]
[Black "Sapphire, Novag"]
[Result "1/2-1/2"]
[ECO "A33"]
[WhiteElo "2153"]
[BlackElo "2097"]
[Annotator "Thomas Jaeger"]
[PlyCount "125"]
[EventDate "2009.??.??"]
[TimeControl "60+1"]

1. c4 c5 2. Nc3 Nc6 3. Nf3 Nf6 4. d4 cxd4 5. Nxd4 e6 6. Ndb5 d5 7. Bf4 e5 8.
cxd5 exf4 9. dxc6 bxc6 10. Qxd8+ Kxd8 11. Rd1+ Bd7 {letzter Buchzug} 12. Nd6 {
letzter Buchzug} Ke7 13. Rd4 Be6 14. Nb7 Nd5 15. Na5 Nxc3 (15... Kd7 16. Nxd5
Bxd5 17. a3 g5 {Schwarz steht besser}) 16. Nxc6+ Ke8 17. bxc3 Rc8 18. Nxa7 Rxc3 19. Nb5 Rc1+ 20. Kd2 Rc4 21. a4 Rxd4+ 22. Nxd4 Bd7 23. e4
Bc5 24. Kc3 Bxa4 25. Bc4 Ke7 26. Nf5+ Kf6 27. Ra1 Bd7 28. Ra6+ Be6 29. Nd4
Bxd4+ 30. Kxd4 Rb8 31. h3 Rb4 32. Rc6 Ke7 33. Kc3 Rb1 34. Kd4 Bxc4 35. Rxc4 Rb2
36. f3 Kd6 37. Ra4 Rd2+ 38. Kc4 Rxg2 39. Ra6+ Ke7 40. Ra7+ Kf6 {Rest in 60 min}
41. h4 g6 42. Ra6+ Kg7 43. Kd5 Rg3 44. Ra3 Rh3 45. e5 Rxh4 46. Ra7 Rh2 (46...
Rh5 47. Ke4 Rf5 48. e6 Rf6 49. e7 Re6+ 50. Kxf4 Kf6 {gewinnt wohl}) 47. Ke4
Re2+ 48. Kxf4 h5 49. Ra1 h4 50. Kg4 Rxe5 51. Kxh4 g5+ 52. Kh5 Kf6 53. Ra7 Rc5
54. Kh6 Rf5 55. Ra3 Re5 {Ke5!} 56. Ra6+ Re6 57. Ra5 Re3 58. Ra6+ Kf5 59. Ra5+
Kf4 60. Ra4+ Kg3 61. Kxg5 Rxf3 62. Rg4+ Kf2 63. Rf4 1/2-1/2

[Event "TP 40 Züge 2 Stunden"]
[Site "?"]
[Date "2009.??.??"]
[Round "?"]
[White "Sapphire, Novag"]
[Black "Milano Pro, Mephisto"]
[Result "1-0"]
[ECO "B45"]
[WhiteElo "2097"]
[BlackElo "2153"]
[Annotator "Thomas Jaeger"]
[PlyCount "61"]
[EventDate "2009.??.??"]
[TimeControl "60+1"]

1. e4 c5 2. Nf3 e6 3. d4 cxd4 4. Nxd4 Nf6 5. Nc3 Nc6 {letzter Buchzug} 6. Ndb5
Bb4 7. Bf4 {letzter Buchzug} e5 8. Bg5 O-O 9. a3 Ba5 10. b4 Bb6 11. Qf3 a6 {?
h6} 12. Nd5 Bxf2+ 13. Qxf2 Nxe4 14. Bxd8 Nxf2 15. Kxf2 Rxd8 16. Nb6 Rb8 17. Nd6
Kf8 18. Re1 g6 19. c4 f6 20. Nbxc8 {damit hat es keine Eile}
Rdxc8 21. Nxc8 Rxc8 22. Ke3 Kf7 23. Be2 Ne7 24. Rc1 d5 25. cxd5 Nxd5+ 26. Ke4
Rxc1 27. Rxc1 Ke6 28. Bc4 f5+ 29. Kd3 b5 30. Bxd5+ Kxd5 31. Rc7 1-0

[Event "TP 40 Züge 2 Stunden"]
[Site "?"]
[Date "2009.??.??"]
[Round "?"]
[White "Milano Pro, Mephisto"]
[Black "Risc 2500 2MB aktiv, Saitek"]
[Result "1/2-1/2"]
[ECO "A28"]
[WhiteElo "2153"]
[BlackElo "2254"]
[Annotator "Thomas Jaeger"]
[PlyCount "55"]
[EventDate "2009.??.??"]
[TimeControl "60+1"]

1. c4 e5 2. Nc3 Nf6 3. Nf3 Nc6 4. d4 e4 5. Nd2 Bb4 6. e3 O-O 7. Be2 Re8 8. O-O
Bxc3 9. bxc3 d6 10. f3 exf3 11. Bxf3 Rxe3 12. Nb3 {letzter Buchzug - Milano
pro spielt ein Gambit und muss beweisen, dass er für die 2 Bauern Kompensation
hat} Rxc3 {letzter Buchzug} 13. Be2 (13. Bg5 Rxc4 14. Bd5 Rb4 15. Bxf6 gxf6 16.
Qh5 Be6 17. Be4 f5 18. Bxf5 Bxf5 19. Rxf5 {so, oder ähnlich wäre es gut}) 13...
d5 14. cxd5 Nxd5 15. Bh5 g6 16. Bf3 {Risc steht jetzt klar besser} Bf5 17. Nc5
b6 18. Ne4 Bxe4 19. Bxe4 f5 20. Bf3 Qd6 21. Re1 Ndb4 22. Bb2 {Mil pro erhält
jetzt Chancen} Rd3 23. Qc1 b5 24. Qh6 Nc2 {?} (24... Rd8 25. d5 Nd4 26. Bxd4
Rxd4 27. Re6 Qf8 28. Qxf8+ Kxf8) 25. Bxc6 Qxc6 26. Re7 {!} Qf6 27. Qxh7+ Kf8
28. Rc1 1/2-1/2